 Dungeon Crawl Stone Soup version 0.30-a0-165-g1891117ce2 (webtiles) character file.

Game seed: 710575693212080004

125597 quinnr the Devastator (level 16, -15/96 HPs)
             Began as a Tengu Earth Elementalist on Sept 28, 2022.
             Was the Champion of Jiyva.
             Hit by a silver javelin thrown by a merfolk javelineer (18 damage)
             ... led by Ilsuiw
             ... on level 2 of the Shoals on Sept 29, 2022.
             The game lasted 02:31:43 (30901 turns).

quinnr the Devastator (Tengu Earth Elementalist)   Turns: 30901, Time: 02:31:44

Health: -15/96     AC: 13    Str:  7    XL:     16   Next: 60%
Magic:  3/31       EV: 26    Int: 25    God:    Jiyva [******]
Gold:   1356       SH: 12    Dex: 19    Spells: 8/35 levels left

rFire   + . .      SeeInvis +    K - staff of earth {!a}
rCold   + . .      Faith    .    L - +1 buckler
rNeg    . . .      Spirit   .    a - +2 robe {rC+}
rPois   .          Reflect  +    (helmet restricted)
rElec   .          Harm     .    Y - +1 cloak
rCorr   +          Rampage  .    x - +1 pair of gloves
rMut    +                        (boots unavailable)
Will    +....                    j - amulet of reflection
Stlth   ++++......               T - +4 ring of protection
HPRegen 1.86/turn                v - ring of see invisible
MPRegen 0.72/turn

@: flying quickly and evasively, very slightly contaminated, studying Air Magic,
quick
A: beak, talons 3, nimble flight, claws 1, agile 1, clever 1, fire resistance 1,
mutation resistance 3, wild magic 3, gelatinous body 1, translucent skin 2,
engulf
}: 1/15 runes: slimy
a: Renounce Religion, Oozemancy, Slimify


You were on level 2 of the Shoals.
You worshipped Jiyva.
Jiyva was exalted by your worship.
You visited 5 branches of the dungeon, and saw 28 of its levels.
You visited the Abyss 2 times.
You also visited: Sewer.

You collected 1506 gold pieces.
You spent 150 gold pieces at shops.


Innate Abilities, Weirdness & Mutations

You have a beak for a mouth.
You have claws for feet.
Your magical nature lets you fly swiftly and evasively.
You have sharp fingernails.
You are agile. (Dex +4, Str/Int -1)
Your mind is acute. (Int +4, Str/Dex -1)
Your flesh is heat resistant. (rF+)
You are almost entirely resistant to further mutation and mutation removal.
Your spells are much harder to cast, but much more powerful.
Your rubbery body absorbs attacks. (AC +1, EV +1)
Your translucent skin reduces your foes' accuracy. (Stealth+)
Your melee attacks may engulf your foes in ooze.


   Skills:
 - Level 9.0 Fighting
 - Level 3.9 Short Blades
 - Level 3.0 Armour
 + Level 13.8 Dodging
 - Level 6.0 Stealth
 - Level 4.0 Shields
 - Level 10.0 Spellcasting
 - Level 16.0 Conjurations
 + Level 4.3 Summonings
 + Level 10.9 Transmutations
 + Level 10.0 Air Magic
 - Level 8.4 Earth Magic
 - Level 4.0 Evocations


You had 8 spell levels left.
You knew the following spells:

 Your Spells              Type           Power      Damage    Failure   Level
a - Passwall              Tmut/Erth      90%        N/A       3%          2
e - Airstrike             Air            43%        2d(7-23)  7%          4
i - Irradiate             Conj/Tmut      50%        3d28      5%          5
l - Lightning Bolt        Conj/Air       49%        1d70      6%          5
p - Petrify               Tmut/Erth      100%       N/A       7%          4
s - Summon Lightning Spi  Summ/Air       75%        N/A       13%         4
w - Stone Arrow           Conj/Erth      100%       3d13      2%          3

Your spell library contained the following spells:

 Spells                   Type           Power      Damage    Failure   Level
 Kiss of Death            Conj/Necr      100%       2d13      3%          1
 Sandblast                Erth           100%       2d20      3%          1
 Summon Small Mammal      Summ           100%       N/A       7%          1
 Blade Hands              Tmut           45%        N/A       10%         5
 Fulminant Prism          Conj/Hex       39%        3d18      11%         4
 Iskenderun's Mystic Bla  Conj/Tloc      79%        2d16      11%         4
 Sticky Flame             Conj/Fire      79%        2d9       11%         4
 Ignite Poison            Fire/Tmut/Pois 55%        N/A       16%         3
 Kindle Blastsparks       Fire/Tloc/Air  100%       2d18      17%         3
 Lee's Rapid Deconstruct  Erth           51%        3d25*     19%         5
 Apportation              Tloc           46%        N/A       21%         1
 Necrotise                Necr           92%        1d8       21%         1
 Slow                     Hex            92%        N/A       21%         1
 Sublimation of Blood     Necr           23%        N/A       28%         2
 Confusing Touch          Hex            23%        N/A       43%         3
 Lesser Beckoning         Tloc           23%        N/A       43%         3
 Ozocubu's Armour         Ice            23%        N/A       43%         3
 Portal Projectile        Hex/Tloc       46%        N/A       43%         3
 Teleport Other           Tloc           23%        N/A       43%         3
 Tukima's Dance           Hex            23%        N/A       43%         3
 Vampiric Draining        Necr           23%        2d7       43%         3
 Summon Ice Beast         Ice/Summ       44%        N/A       52%         4
 Borgnjor's Vile Clutch   Necr/Erth      38%        N/A       56%         5
 Animate Dead             Necr           23%        N/A       77%         4
 Cause Fear               Hex            11%        N/A       77%         4
 Manifold Assault         Tloc           23%        N/A       77%         4
 Dragon Form              Tmut           45%        N/A       77%         7
 Summon Forest            Summ/Tloc      22%        N/A       82%         5
 Summon Mana Viper        Hex/Summ       44%        N/A       82%         5
 Agony                    Necr           23%        N/A       96%         5
 Summon Cactus Giant      Summ           29%        N/A       96%         6
 Death Channel            Necr           11%        N/A       100%        6
 Ozocubu's Refrigeration  Ice            11%        4d10      100%        7
 Ignition                 Fire           11%        3d5       100%        8
 Dragon's Call            Summ           29%        N/A       100%        9

Inventory:

Hand Weapons
 B - the +8 hand axe of Expedience {vorpal, rElec Int-3 Dex+6 SInv}
   (You found it on level 5 of the Pits of Slime)

   It inflicts extra damage upon your enemies.
   Int:       It affects your intelligence (-3).
   Dex:       It affects your dexterity (+6).
   rElec:     It insulates you from electricity.
   SInv:      It lets you see invisible.
 J - a +6 dagger of venom
 V - a +1 dagger of distortion
 X - the +5 rapier of Gozag's Felicitations {flame, rF+ Dex+3}
   (You found it on level 5 of the Pits of Slime)

   It burns those it strikes, dealing additional fire damage.
   Dex:       It affects your dexterity (+3).
   rF:        It protects you from fire.
Missiles
 l - 2 throwing nets {=f}
Armour
 a - a +2 robe of cold resistance (worn)
 x - a +1 pair of gloves (worn)
 z - a scarf of invisibility
 L - a +1 buckler (worn)
 S - a scarf of shadows
 Y - a +1 cloak (worn)
Magical Staves
 D - a staff of death {!a}
 K - a staff of earth (weapon) {!a}
 O - a staff of cold {!a}
 P - a staff of fire {!a}
Jewellery
 c - a ring of ice
 f - a ring of protection from fire
 j - an amulet of reflection (around neck)
 t - a +4 ring of protection
 v - a ring of see invisible (right hand)
 A - the macabre finger necklace {rN+}
   (You found it on level 5 of the Pits of Slime)

   [amulet of nothing]

   It enables you to equip an extra ring.
   rN:        It protects you from negative energy.
 F - the ring of Generosity {Fire Dex+4}
   (You found it on level 3 of the Lair of Beasts)

   [ring of fire]

   It enhances your fire magic.
   Dex:       It affects your dexterity (+4).
   rF:        It protects you from fire.
   rC:        It makes you vulnerable to cold.
 M - the ring "Qoifeif" {*Slow rCorr EV+4 Int+9 Dex-2}
   (You found it on level 10 of the Dungeon)

   [ring of evasion]

   EV:        It affects your evasion (+4).
   Int:       It affects your intelligence (+9).
   Dex:       It affects your dexterity (-2).
   rCorr:     It protects you from acid and corrosion.
   *Slow:     It may slow you when you take damage.
 T - a +4 ring of protection (left hand)
 W - a ring of willpower
Wands
 o - a wand of polymorph (10)
 r - a wand of flame (31)
 s - a wand of roots (15)
 y - a wand of charming (8)
 G - a wand of light (3)
Scrolls
 d - 4 scrolls of poison
 e - 5 scrolls of identify {@r1}
 g - a scroll of vulnerability
 i - 8 scrolls of teleportation {@r2}
 p - 2 scrolls of magic mapping
 u - a scroll of blinking
 C - a scroll of immolation
 H - 4 scrolls of amnesia
 I - a scroll of silence {!r}
 Q - a scroll of butterflies
 R - 2 scrolls of fear
Potions
 b - a potion of magic
 h - 5 potions of haste {@q3}
 k - 2 potions of mutation
 m - 3 potions of brilliance
 n - 4 potions of heal wounds {@q2}
 q - 7 potions of might
 w - 11 potions of curing {@q1}
 E - 2 potions of cancellation
 Z - 2 potions of resistance
Miscellaneous
 N - a condenser vane (inert)
 U - a box of beasts (inert)

Dungeon Overview and Level Annotations

Branches:
Dungeon (15/15)            Temple (1/1) D:7            Lair (5/5) D:8
 Shoals (2/4) Lair:2       Spider (0/4) Lair:2        Slime (5/5) Lair:5
    Orc (0/2) D:11         Vaults (0/5) D:13         Depths (0/4) D:15
  Sewer (visited)

Altars:
Ashenzari
Cheibriados
Dithmenos
Elyvilon
Fedhas
Gozag
Hepliaklqana
Kikubaaqudgha
Makhleb
Nemelex Xobeh
Okawaru
Qazlal
Ru
Sif Muna
Trog
Uskayaw
Vehumet
Wu Jian
Xom
Yredelemnul
Zin
The Shining One
Jiyva

Shops:
D:6 :   D:7 ?   D:9 *

Annotations:
D:7 3 runed translucent doors, zishaf's ghost, novice VSBr
D:13 2 transporters
Shoals:2 Ilsuiw
Slime:5 Royal Jelly

≈≈≈≈≈≈≈≈≈≈≈≈≈≈≈≈≈≈≈≈≈≈≈≈≈≈≈
≈≈≈≈≈≈≈≈≈≈≈≈≈≈≈≈≈≈≈≈≈≈≈≈≈≈≈
≈≈≈≈≈≈≈≈J≈≈≈≈≈≈≈≈≈≈≈≈≈≈≈≈≈≈
≈≈≈≈≈≈≈≈≈≈≈≈≈≈~~~~~≈~~~≈≈≈≈
≈≈≈≈≈≈≈≈≈≈≈≈≈~~~~J~~~~~~≈≈~
≈≈≈≈§§§≈≈≈≈≈~~~~~~~~~~P~~≈~
≈≈≈≈§m§≈≈≈≈≈~~~~~~~~~~~~~~~
≈≈~~§§§§§§≈~~~~~~~~P~~~~~P≈
~~~▒▒▒~§§~@~~~~~~~.~...~~≈≈
~ ▒~§§§~§§§~~...~..~~≈≈≈
▒▒~~~~§m§~......~~~~~≈
▒▒~~~§§§...##..~~~~~≈
▒§~~~~...###...~~~~≈
m§~~~..~......~~~~~≈
§§§~~.~.~......~~~~~~
.~~~~~~~~~~~~.......~~
~.~~~~~..........~~


You could see Ilsuiw, 2 merfolk javelineers and 2 neutral jellies (fellow
slime).


Message History

Ilsuiw hits you from afar with a +2 trident of freezing.
* * * LOW HITPOINT WARNING * * *
The merfolk javelineer is engulfed in freezing vapours.
The merfolk javelineer throws a silver javelin.
The silver javelin barely misses you.
Unknown command.
Unknown command.
Unknown command.
Casting: Stone Arrow (mildly dangerous; 2% risk of failure)
Confirm with . or Enter, or press ? or * to list all spells.
Aiming: Stone Arrow (mildly dangerous; 2% risk of failure)
Press: ? - help, Shift-Dir - straight line, f/p - Ilsuiw
Aim: Ilsuiw, wielding a +2 trident of freezing and wearing a +0 robe (freezing vapour, severely wounded, 55% to hit)
You feel a surge of power!
The stone arrow hits Ilsuiw!
Ilsuiw is almost dead.
The merfolk javelineer is engulfed in freezing vapours.
The merfolk javelineer throws a silver javelin.
The silver javelin pierces through you!!
* * * LOW HITPOINT WARNING * * *
The silver sears you!
* * * LOW HITPOINT WARNING * * *
The merfolk impaler is engulfed in freezing vapours.
The merfolk impaler barely misses you.
The merfolk impaler is engulfed in freezing vapours.
You kill the merfolk impaler!
You hear a splash. x2
The merfolk javelineer is engulfed in freezing vapours.
The merfolk javelineer throws a silver javelin.
The silver javelin pierces through you!!
You die...

Skill      XL: |  1  2  3  4  5  6  7  8  9 10 11 12 13 14 15 16 |
---------------+-------------------------------------------------+-----
Earth Magic    | 3 4 5 6 8 |  8.4
Conjurations   | 1 2 3 5 7 8 9 11 12 14 16 | 16.0
Fighting       | 1 2 3 4 5 6 8 9 |  9.0
Spellcasting   | 3 4 5 6 7 8 10 | 10.0
Dodging        | 3 4 5 6 7 9 10 11 12 13 | 13.8
Transmutations | 2 5 6 7 8 9 10 | 10.9
Evocations     | 4 |  4.0
Armour         | 3 |  3.0
Stealth        | 3 6 |  6.0
Shields        | 4 |  4.0
Air Magic      | 8 10 | 10.0
Short Blades   | 3 |  3.9
Summonings     | 4 |  4.3

Action                   |  1- 3 |  4- 6 |  7- 9 | 10-12 | 13-15 | 16-18 || total
-------------------------+-------+-------+-------+-------+-------+-------++-------
Melee: Unarmed           |     3 |    15 |     4 |       |       |       ||    22
       Kick              |     1 |     4 |     3 |    73 |    57 |    16 ||   154
       Peck              |       |     1 |     3 |    46 |    34 |    16 ||   100
       Dagger            |       |       |     5 |    97 |    89 |    32 ||   223
       Mace              |       |       |     1 |    26 |     9 |       ||    36
       Punch             |       |       |       |     3 |       |       ||     3
       Staff             |       |       |       |       |       |     8 ||     8
 Cast: Sandblast         |    54 |   113 |    53 |       |       |       ||   220
       Passwall          |       |     2 |     6 |    14 |    13 |     1 ||    36
       Stone Arrow       |       |     4 |   109 |   279 |   527 |   179 ||  1098
       Petrify           |       |       |       |    41 |    66 |    14 ||   121
       Irradiate         |       |       |       |    12 |    91 |    15 ||   118
       Lightning Bolt    |       |       |       |       |    11 |    13 ||    24
       Summon Lightning  |       |       |       |       |       |    12 ||    12
       Airstrike         |       |       |       |       |       |    10 ||    10
Invok: Oozemancy         |       |       |       |     1 |     1 |       ||     2
       Slimify           |       |       |       |       |     1 |       ||     1
Evoke: Wand              |       |       |     3 |     5 |    15 |     4 ||    27
       Condenser vane    |       |       |       |     1 |     4 |     1 ||     6
       Box of beasts     |       |       |       |       |       |     1 ||     1
  Use: Potion            |     1 |     3 |       |     2 |     1 |     1 ||     8
       Scroll            |       |       |    11 |     4 |    10 |     6 ||    31
 Stab: Petrified         |       |       |       |    54 |    25 |     1 ||    80
       Petrifying        |       |       |       |     4 |     3 |     2 ||     9
       Sleeping          |       |       |       |       |     1 |       ||     1
Armor: Robe              |     5 |    10 |    11 |    35 |    20 |    14 ||    95
       Troll leather arm |       |       |       |       |    50 |       ||    50
Dodge: Dodged            |    21 |    40 |    66 |   153 |   364 |   219 ||   863
Block: Other             |     6 |    20 |    18 |    44 |    27 |       ||   115
       Reflection        |       |     1 |       |     5 |    10 |    29 ||    45
       Buckler           |       |       |       |       |   120 |   117 ||   237

Levels and vault maps discovered:
D:1:      minmay_arrival_jagged, layout_loops_ring
D:2:      layout_basic, basic_altar, shapermc_ecumenical_altar_hornbeckon,
          minmay_distorted
D:3:      layout_basic, mainiacjoe_overflow_chevrons, gup_sewer_entry_bowl,
          kennysheep_minor_cross
D:4:      layout_basic, kennysheep_mini, kennysheep_generic_room_7
D:5:      layout_basic, chequers_hall_statues_y, serial_park_tiny_2,
          uniq_prince_ribbit1
D:6:      layout_loops_ring, mainiacjoe_overflow_paths, serial_shops,
          nicolae_lakefront_shop, uniq_crazy_yiuf_cottage
D:7:      layout_gridville, elyvilon_altar_5, eat_drink_and_be_merry_uskayaw,
          mainiacjoe_overflow_boulevard, amethyst_overflow_temple_binary,
          minmay_temple_entry_hall, ebering_ghost_rock_garden, serial_glass,
          glass_columns_c, glass_columns_a, glass_columns_b, glass_columns_b,
          glass_columns_a, glass_columns_b, glass_columns_a, glass_columns_a,
          glass_columns_b, glass_columns_a, serial_shops, shop
D:8:      layout_loops_ring, trog_wizard, minmay_lair_entry_grove, minivault_14
D:9:      layout_roguey, mainiacjoe_overflow_cross_hatched,
          nicolae_shop_overcharged_wands
D:10:     minmay_the_grid_4x2 [minmay_the_grid_eight, minmay_the_grid_plusring,
          minmay_the_grid_spin_star, minmay_the_grid_dragon_a,
          minmay_the_grid_tiny_cups, minmay_the_grid_minigrid_small_alt,
          minmay_the_grid_expand, minmay_the_grid_prize_shrinking_boxes],
          layout_loops_ring, mainiacjoe_overflow_alcove_4
D:11:     minmay_diamond_stairs, layout_gridville, orc_0_dummy,
          minmay_lindwurm_lava
D:12:     layout_irregular_city
D:13:     gammafunk_wand_slinger, layout_irregular_city,
          lightli_vaults_fourway_checkpoint, uniq_lodul, uniq_sonja,
          uniq_erolcha
D:14:     layout_cave_pools, vehumet_crystals, serial_bayou_lagoon_b,
          uniq_azrael
D:15:     grunt_enter_depths_snipers, layout_gridville, minmay_misc_feat_chi
Temple:   pf_slime_end_temple
Lair:1:   layout_loops_ring
Lair:2:   layout_roguey [special_room_bee], minmay_shoals_entry_centaurs,
          spider_nest_entry_rubble
Lair:3:   layout_cave_pods, gammafunk_ghost_icy, st_stairs_4,
          chequers_serial_rivers_micro_b, grunt_megastairs_5, uniq_fannar
Lair:4:   layout_roguey, dpeg_oklob_1
Lair:5:   minmay_lair_end_enchanted_forest, layout_gridlike, slime_entry_1,
          basic_altar, uniq_urug
Shoals:1: layout_shoals, uniq_aizul
Shoals:2: layout_shoals, nicolae_shoals_lost_giant_hut,
          nicolae_shoals_land_atoll, uniq_ilsuiw
Slime:1:  layout_caves
Slime:2:  layout_caves
Slime:3:  layout_caves
Slime:4:  layout_caves
Slime:5

Notes
Turn   | Place    | Note
-------+----------+-------------------------------------------
     0 | D:1      | quinnr the Tengu Earth Elementalist began the quest for the
                  | Orb.
     0 | D:1      | Reached XP level 1. HP: 10/10 MP: 4/4
   254 | D:1      | Reached XP level 2. HP: 15/15 MP: 3/6
   691 | D:1      | Learned a level 2 spell: Passwall
   780 | D:1      | Reached XP level 3. HP: 19/19 MP: 4/7
  1041 | D:1      | Reached skill level 3 in Earth Magic
  1485 | D:2      | Reached XP level 4. HP: 19/24 MP: 4/9
  1578 | D:2      | Learned a level 3 spell: Stone Arrow
  1924 | D:2      | Found an opulent altar of Gozag.
  2061 | D:2      | Found a faded altar of an unknown god.
  2175 | D:3      | Reached skill level 1 in Conjurations
  2213 | D:3      | Found a glowing silver altar of Zin.
  2317 | D:3      | Reached skill level 1 in Fighting
  2317 | D:3      | Reached skill level 3 in Spellcasting
  2317 | D:3      | Gained mutation: Your magical nature lets you fly swiftly
                  | and evasively. [Tengu growth]
  2317 | D:3      | Reached XP level 5. HP: 8/29 MP: 2/10
  2480 | D:3      | Found a glowing drain.
  2484 | Sewer    | Entered a sewer
  2697 | Sewer    | Reached skill level 2 in Conjurations
  2817 | Sewer    | Reached skill level 3 in Dodging
  3003 | Sewer    | Reached XP level 6. HP: 34/34 MP: 8/11
  3269 | Sewer    | HP: 1/52 [bullfrog (6)]
  3274 | Sewer    | Reached skill level 2 in Fighting
  3274 | Sewer    | Reached skill level 3 in Conjurations
  4280 | D:4      | Reached XP level 7. HP: 40/40 MP: 10/13
  4649 | D:4      | Found an ornate altar of the Wu Jian Council.
  5124 | D:4      | Learned a level 5 spell: Irradiate
  5298 | D:5      | Entered Level 5 of the Dungeon
  5315 | D:4      | Reached skill level 4 in Dodging
  5315 | D:4      | Reached skill level 1 in Transmutations
  5388 | D:4      | Reached skill level 4 in Conjurations
  5388 | D:4      | Reached skill level 4 in Earth Magic
  5611 | D:4      | Reached skill level 4 in Spellcasting
  5883 | D:5      | Noticed Prince Ribbit
  6991 | D:6      | Found a burning altar of Makhleb.
  7001 | D:6      | Reached skill level 2 in Transmutations
  7173 | D:6      | Reached skill level 5 in Conjurations
  7564 | D:4      | Reached XP level 8. HP: 28/44 MP: 11/15
  7744 | D:5      | Killed Prince Ribbit
  7745 | D:5      | Reached skill level 3 in Transmutations
  8001 | D:6      | Reached skill level 4 in Transmutations
  8250 | D:6      | Noticed a two-headed ogre
  8460 | D:6      | Reached skill level 5 in Transmutations
  8933 | D:6      | Found Xotodae's Book Boutique.
  9029 | D:6      | Killed a two-headed ogre
  9030 | D:6      | Reached skill level 3 in Fighting
  9030 | D:6      | Reached skill level 5 in Spellcasting
  9030 | D:6      | Reached skill level 7 in Conjurations
  9030 | D:6      | Reached XP level 9. HP: 43/50 MP: 1/17
  9203 | D:6      | Found a runed translucent door.
  9204 | D:6      | Noticed Crazy Yiuf
  9209 | D:6      | Killed Crazy Yiuf
  9416 | D:7      | Reached skill level 1 in Evocations
  9613 | D:6      | Reached skill level 8 in Conjurations
  9707 | D:7      | Reached skill level 2 in Evocations
  9870 | D:7      | Reached skill level 3 in Evocations
 10017 | D:7      | Found a hide-covered altar of Uskayaw.
 10018 | D:7      | Found Fuxtekap's Magic Scroll Shop.
 10023 | D:7      | Bought a scroll of identify for 30 gold pieces
 10023 | D:7      | Bought a scroll of identify for 30 gold pieces
 10023 | D:7      | Bought a scroll of identify for 30 gold pieces
 10023 | D:7      | Bought a scroll of amnesia for 60 gold pieces
 10038 | D:7      | Found a white marble altar of Elyvilon.
 10042 | D:7      | Identified the +4 mace "Jeopp" {flame, *Rage +Blink rCorr
                  | Int+5}
 10139 | D:7      | Reached skill level 4 in Evocations
 10244 | D:7      | Found a staircase to the Ecumenical Temple.
 10252 | Temple   | Entered the Ecumenical Temple
 10365 | Temple   | Became a worshipper of Jiyva Jines the Shapeless
 10483 | D:7      | Found a runed translucent gate.
 10483 | D:7      | Found a runed translucent gate.
 10483 | D:7      | Found a runed translucent gate.
 10881 | D:7      | Found an opulent altar of Gozag.
 10887 | D:7      | Found an ancient bone altar of Kikubaaqudgha.
 10936 | D:7      | Found a broken altar of Ashenzari.
 10969 | D:7      | Noticed a two-headed ogre
 10997 | D:7      | Killed a two-headed ogre
 10998 | D:7      | Reached skill level 4 in Fighting
 10998 | D:7      | Reached skill level 5 in Dodging
 10998 | D:7      | Reached XP level 10. HP: 56/56 MP: 5/19
 11270 | D:7      | Noticed zishaf's ghost (novice VSBr)
 11280 | D:7      | Learned a level 4 spell: Petrify
 11443 | D:8      | Reached * piety under Jiyva
 11796 | D:8      | Reached skill level 9 in Conjurations
 11889 | D:8      | Reached skill level 6 in Spellcasting
 12059 | D:8      | Reached skill level 5 in Fighting
 12083 | D:8      | Found a staircase to the Lair.
 12150 | D:8      | Found a bloodstained altar of Trog.
 12154 | D:8      | Noticed a wizard
 12161 | D:8      | Killed a wizard
 12249 | D:8      | Reached skill level 6 in Transmutations
 12258 | D:8      | Reached skill level 6 in Dodging
 12717 | D:9      | Reached ** piety under Jiyva
 12909 | D:9      | Reached XP level 11. HP: 55/64 MP: 2/21
 13083 | D:9      | Found Jonwof's Overcharged Wands.
 13096 | D:9      | Found a radiant altar of Vehumet.
 13121 | D:9      | Reached skill level 10 in Conjurations
 13207 | D:9      | Reached skill level 5 in Earth Magic
 13336 | D:9      | Reached *** piety under Jiyva
 13387 | D:9      | Gained mutation: Your rubbery body absorbs attacks. (AC +1,
                  | EV +1) [Jiyva's grace]
 13387 | D:9      | Gained mutation: Your pliable body absorbs attacks. (AC +2,
                  | EV +2) [Jiyva's grace]
 13387 | D:9      | Gained mutation: Your gelatinous body deflects attacks. (AC
                  | +3, EV +3) [Jiyva's grace]
 13387 | D:9      | Gained mutation: You are partially covered in iridescent
                  | scales. (AC +2) [Jiyva's grace]
 13550 | D:10     | Entered Level 10 of the Dungeon
 13553 | D:10     | Identified a +1 robe of resistance
 13788 | D:10     | Found a sparkling altar of Nemelex Xobeh.
 14338 | D:10     | Noticed a two-headed ogre
 14353 | D:10     | Killed a two-headed ogre
 14359 | D:10     | Reached skill level 6 in Fighting
 14516 | D:10     | Noticed a two-headed ogre
 14520 | D:10     | Killed a two-headed ogre
 14521 | D:10     | Reached skill level 7 in Dodging
 14521 | D:10     | Reached skill level 7 in Spellcasting
 14543 | D:10     | Reached **** piety under Jiyva
 14637 | D:10     | Noticed a two-headed ogre
 14643 | D:10     | Killed a two-headed ogre
 14766 | D:10     | Noticed a tengu warrior
 14782 | D:10     | Killed a tengu warrior
 14866 | D:10     | Noticed a fire dragon
 14873 | D:10     | Noticed a deep elf pyromancer
 14877 | D:10     | Killed a fire dragon
 14878 | D:10     | Reached skill level 11 in Conjurations
 14878 | D:10     | Reached skill level 7 in Transmutations
 14893 | D:10     | Killed a deep elf pyromancer
 14894 | D:10     | Reached XP level 12. HP: 54/71 MP: 4/24
 15068 | D:10     | Reached skill level 7 in Fighting
 15198 | D:10     | Identified the ring "Qoifeif" {*Slow rCorr EV+4 Int+9
                  | Dex-2}
 15198 | D:10     | Identified the +2 buckler of Infinity {Fly}
 15351 | D:11     | Noticed a boulder beetle
 15439 | D:11     | Reached skill level 8 in Dodging
 15674 | D:11     | Killed a boulder beetle
 15675 | D:11     | Reached skill level 6 in Earth Magic
 15819 | D:11     | Reached skill level 8 in Spellcasting
 15848 | D:11     | Noticed a four-headed hydra
 15891 | D:10     | Killed a four-headed hydra
 16120 | D:11     | Noticed a tengu warrior
 16138 | D:11     | Killed a tengu warrior
 16139 | D:11     | Reached skill level 12 in Conjurations
 16422 | D:11     | Found a staircase to the Orcish Mines.
 16804 | D:12     | Reached skill level 8 in Fighting
 16946 | D:12     | Lost mutation: You are partially covered in iridescent
                  | scales. (AC +2) [Jiyva's grace]
 16946 | D:12     | Gained mutation: You are covered in fur. (AC +1) [Jiyva's
                  | grace]
 16946 | D:12     | Gained mutation: You are covered in thick fur. (AC +2)
                  | [Jiyva's grace]
 16946 | D:12     | Gained mutation: Your thick and shaggy fur keeps you warm.
                  | (AC +3, rC+) [Jiyva's grace]
 16946 | D:12     | Gained mutation: You passively map a small area around you.
                  | [Jiyva's grace]
 16973 | D:12     | Reached skill level 9 in Dodging
 16973 | D:12     | Reached ***** piety under Jiyva
 16974 | D:12     | Identified the +0 ring mail "Itanoeso" {rElec Will- MP+9
                  | Dex+2}
 17075 | D:12     | Reached skill level 8 in Transmutations
 17128 | D:12     | Noticed a two-headed ogre
 17132 | D:12     | Killed a two-headed ogre
 17133 | D:12     | Reached XP level 13. HP: 79/79 MP: 18/26
 17483 | D:13     | Noticed Sonja
 17493 | D:13     | Killed Sonja
 17553 | D:13     | Noticed Erolcha
 17699 | D:13     | Reached skill level 1 in Armour
 17730 | D:13     | You are cast into the Abyss!
 17730 | Abyss:2  | Found a corrupted altar of Lugonu.
 17730 | Abyss:2  | Cast into level 2 of the Abyss (Erolcha)
 17793 | Abyss:2  | Reached skill level 7 in Earth Magic
 17882 | Abyss:2  | Reached skill level 2 in Armour
 17888 | Abyss:2  | Noticed a starcursed mass
 17948 | Abyss:2  | Noticed a tentacled starspawn
 17960 | Abyss:2  | Killed a tentacled starspawn
 18007 | Abyss:2  | Noticed a lorocyproca
 18128 | Abyss:2  | Reached skill level 9 in Fighting
 18195 | Abyss:2  | Found a corrupted altar of Lugonu.
 18201 | Abyss:2  | Noticed a tentacled starspawn
 18235 | Abyss:2  | Killed a tentacled starspawn
 18236 | Abyss:2  | Reached skill level 3 in Armour
 18312 | Abyss:2  | Noticed a tentacled starspawn
 18340 | Abyss:2  | Killed a tentacled starspawn
 18391 | Abyss:2  | Noticed a red draconian
 18395 | Abyss:2  | Killed a red draconian
 18396 | Abyss:2  | Reached skill level 10 in Dodging
 18398 | D:13     | You pass through the gate.
 18398 | D:13     | Escaped the Abyss
 18400 | D:13     | Found a transporter.
 18521 | D:13     | You are cast into the Abyss!
 18521 | Abyss:2  | Cast into level 2 of the Abyss (Erolcha)
 18555 | Abyss:2  | Lost mutation: Your thick and shaggy fur keeps you warm.
                  | (AC +3, rC+) [Jiyva's grace]
 18555 | Abyss:2  | Lost mutation: You are covered in thick fur. (AC +2)
                  | [Jiyva's grace]
 18555 | Abyss:2  | Gained mutation: Your translucent skin slightly reduces
                  | your foes' accuracy. (Stealth+) [Jiyva's grace]
 18555 | Abyss:2  | Gained mutation: Your translucent skin reduces your foes'
                  | accuracy. (Stealth+) [Jiyva's grace]
 18555 | Abyss:2  | Gained mutation: Your transparent skin significantly
                  | reduces your foes' accuracy. (Stealth+) [Jiyva's grace]
 18555 | Abyss:2  | Gained mutation: You are robust. (+10% HP) [Jiyva's grace]
 18582 | Abyss:2  | Reached skill level 9 in Transmutations
 18609 | Abyss:2  | Gained mutation: You are weak. (Str -2) [mutagenic glow]
 18670 | Abyss:2  | Noticed a tentacled starspawn
 18716 | Abyss:2  | Noticed a starcursed mass
 18759 | Abyss:2  | Found a corrupted altar of Lugonu.
 18780 | Abyss:2  | Noticed an ancient lich
 18791 | Abyss:2  | Found a corrupted altar of Lugonu.
 18850 | Abyss:2  | Noticed a lorocyproca
 18860 | Abyss:2  | Killed a lorocyproca
 18979 | Abyss:2  | Found a corrupted altar of Lugonu.
 18995 | D:13     | You pass through the gate.
 18995 | D:13     | Escaped the Abyss
 18998 | D:13     | Killed Erolcha
 19041 | D:13     | Noticed Lodul
 19056 | D:13     | Reached skill level 3 in Stealth
 19056 | D:13     | Reached skill level 8 in Earth Magic
 19128 | D:13     | Killed Lodul
 19129 | D:13     | Reached XP level 14. HP: 74/94 MP: 11/27
 19206 | D:13     | Found a transporter.
 19301 | D:13     | Found a gate to the Vaults.
 19314 | D:13     | Reached skill level 11 in Dodging
 19314 | D:13     | Reached skill level 4 in Stealth
 19384 | D:13     | Reached ****** piety under Jiyva
 19746 | D:14     | Reached skill level 13 in Conjurations
 19836 | D:14     | Reached skill level 5 in Stealth
 19898 | D:14     | Noticed Azrael
 19922 | D:14     | Reached skill level 1 in Shields
 19948 | D:14     | Reached skill level 2 in Shields
 20137 | D:14     | Killed Azrael
 20138 | D:14     | Reached skill level 3 in Shields
 20193 | D:14     | Lost mutation: Your gelatinous body deflects attacks. (AC
                  | +3, EV +3) [Jiyva's grace]
 20193 | D:14     | Gained mutation: Your melee attacks may engulf your foes in
                  | ooze. [Jiyva's grace]
 20193 | D:14     | Gained mutation: You have a small jelly attached to you
                  | that may absorb projectiles. [Jiyva's grace]
 20193 | D:14     | Gained mutation: Your mind is acute. (Int +4, Str/Dex -1)
                  | [Jiyva's grace]
 20193 | D:14     | Gained mutation: Your mind is very acute. (Int +8, Str/Dex
                  | -2) [Jiyva's grace]
 20230 | D:14     | Found a radiant altar of Vehumet.
 20424 | D:15     | Entered Level 15 of the Dungeon
 20499 | D:15     | Reached skill level 4 in Shields
 20605 | D:14     | Reached skill level 9 in Spellcasting
 21326 | D:15     | Reached skill level 6 in Stealth
 21497 | D:15     | Reached skill level 14 in Conjurations
 21648 | D:15     | Lost mutation: You are covered in fur. (AC +1) [Jiyva's
                  | grace]
 21648 | D:15     | Lost mutation: You are weak. (Str -2) [Jiyva's grace]
 21648 | D:15     | Lost mutation: Your pliable body absorbs attacks. (AC +2,
                  | EV +2) [Jiyva's grace]
 21648 | D:15     | Gained mutation: You are agile. (Dex +4, Str/Int -1)
                  | [Jiyva's grace]
 21648 | D:15     | Gained mutation: You are very agile. (Dex +8, Str/Int -2)
                  | [Jiyva's grace]
 21648 | D:15     | Gained mutation: You have a small jelly attached to you
                  | that senses nearby items. [Jiyva's grace]
 21648 | D:15     | Gained mutation: You expend magic power (3 MP) to
                  | strengthen your wands. [Jiyva's grace]
 21770 | D:15     | Found a staircase to the Depths.
 21770 | D:15     | Noticed a frost giant
 21778 | D:15     | Killed a frost giant
 21811 | D:15     | Reached skill level 10 in Spellcasting
 22046 | Lair:1   | Entered Level 1 of the Lair of Beasts
 22257 | Lair:1   | Reached XP level 15. HP: 99/99 MP: 20/30
 23336 | Lair:2   | Found a hole to the Spider Nest.
 23583 | Lair:2   | Found a staircase to the Shoals.
 23613 | Lair:2   | Reached skill level 15 in Conjurations
 23956 | Lair:3   | Gained mutation: You occasionally lose the ability to read
                  | scrolls when taking damage. [mutagenic glow]
 24168 | Lair:3   | Found a runed translucent gate.
 24169 | Lair:3   | Found a runed translucent gate.
 24170 | Lair:3   | Found a runed translucent gate.
 24170 | Lair:3   | Noticed Fannar
 24232 | Lair:3   | Killed Fannar
 24323 | Lair:3   | Noticed Lemondrips's ghost (journeyman NaTm)
 24347 | Lair:3   | Lost mutation: You are very agile. (Dex +8, Str/Int -2)
                  | [Jiyva's grace]
 24347 | Lair:3   | Lost mutation: Your mind is very acute. (Int +8, Str/Dex
                  | -2) [Jiyva's grace]
 24347 | Lair:3   | Lost mutation: You passively map a small area around you.
                  | [Jiyva's grace]
 24347 | Lair:3   | Lost mutation: You are robust. (+10% HP) [Jiyva's grace]
 24347 | Lair:3   | Lost mutation: Your transparent skin significantly reduces
                  | your foes' accuracy. (Stealth+) [Jiyva's grace]
 24347 | Lair:3   | Lost mutation: You expend magic power (3 MP) to strengthen
                  | your wands. [Jiyva's grace]
 24347 | Lair:3   | Gained mutation: You are somewhat resistant to further
                  | mutation. [Jiyva's grace]
 24347 | Lair:3   | Gained mutation: You are somewhat resistant to both further
                  | mutation and mutation removal. [Jiyva's grace]
 24347 | Lair:3   | Gained mutation: You are almost entirely resistant to
                  | further mutation and mutation removal. [Jiyva's grace]
 24347 | Lair:3   | Gained mutation: You have sharp fingernails. [Jiyva's
                  | grace]
 25134 | Lair:3   | Killed Lemondrips's ghost
 25135 | Lair:3   | Reached skill level 12 in Dodging
 25141 | Lair:3   | Got the ring of Generosity {Fire Dex+4}
 25287 | Lair:4   | Reached skill level 1 in Air Magic
 25395 | Lair:4   | Identified 2 potions of resistance
 25431 | Lair:4   | Reached skill level 2 in Air Magic
 25632 | Lair:4   | Reached skill level 3 in Air Magic
 25754 | Lair:4   | Reached skill level 4 in Air Magic
 26211 | Lair:5   | Entered Level 5 of the Lair of Beasts
 26332 | Lair:5   | Learned a level 5 spell: Lightning Bolt
 26381 | Lair:5   | Reached skill level 5 in Air Magic
 26502 | Lair:5   | Found a staircase to the Slime Pits.
 26533 | Lair:5   | Reached skill level 6 in Air Magic
 26555 | Lair:5   | Reached skill level 16 in Conjurations
 26573 | Lair:5   | Noticed Urug
 26591 | Lair:5   | Killed Urug
 26592 | Lair:5   | Reached skill level 10 in Transmutations
 26592 | Lair:5   | Reached skill level 7 in Air Magic
 26740 | Slime:1  | Entered Level 1 of the Pits of Slime
 26740 | Slime:1  | Noticed an acid blob
 26779 | Slime:1  | Noticed an acid blob
 26788 | Slime:1  | Noticed an acid blob
 26823 | Slime:1  | Noticed an acid blob
 26839 | Slime:1  | Noticed an acid blob
 26879 | Slime:1  | Noticed a rockslime
 26921 | Slime:2  | Noticed a rockslime
 26922 | Slime:2  | Noticed an acid blob
 26930 | Slime:2  | Noticed an azure jelly
 27029 | Slime:3  | Noticed a rockslime
 27032 | Slime:3  | Noticed an acid blob
 27034 | Slime:3  | Noticed an acid blob
 27050 | Slime:3  | Noticed an acid blob
 27154 | Slime:4  | Noticed an acid blob
 27267 | Slime:5  | Entered Level 5 of the Pits of Slime
 27267 | Slime:5  | Noticed an acid blob
 27298 | Slime:5  | Noticed an azure jelly
 27338 | Slime:5  | Noticed an acid blob
 27391 | Slime:5  | Noticed an acid blob
 27422 | Slime:5  | Noticed a rockslime
 27423 | Slime:5  | Noticed the Royal Jelly
 27446 | Slime:5  | Found a viscous altar of Jiyva.
 27447 | Slime:5  | Noticed an azure jelly
 27448 | Slime:5  | Noticed an acid blob
 27448 | Slime:5  | Found the +8 frozen axe "Frostbite" {freezing cloud, *Noise
                  | Fly rC+}
 27448 | Slime:5  | Noticed an acid blob
 27449 | Slime:5  | Noticed an acid blob
 27450 | Slime:5  | Found the macabre finger necklace {rN+}
 27451 | Slime:5  | Identified the +8 hand axe of Expedience {vorpal, rElec
                  | Int-3 Dex+6 SInv}
 27455 | Slime:5  | Got Mishiusu's Beginning Course on Spellweaving
 27457 | Slime:5  | Noticed an acid blob
 27460 | Slime:5  | Noticed an acid blob
 27464 | Slime:5  | Got the Volume of the Arcane
 27467 | Slime:5  | Identified the +5 rapier of Gozag's Felicitations {flame,
                  | rF+ Dex+3}
 27468 | Slime:5  | Identified the +5 ring mail of Honesty {Will+}
 27493 | Slime:5  | Got a slimy rune of Zot
 27495 | Slime:5  | Got the Compendium of Spatial Accomplices
 27572 | Slime:5  | Noticed an azure jelly
 27654 | Slime:3  | Noticed an acid blob
 27808 | Slime:1  | Noticed an acid blob
 28016 | Lair:5   | Reached skill level 8 in Air Magic
 28086 | Lair:5   | Found an ancient bone altar of Kikubaaqudgha.
 28230 | Lair:5   | Reached XP level 16. HP: 87/96 MP: 23/31
 28385 | Lair:5   | Reached skill level 13 in Dodging
 28427 | Lair:5   | Reached skill level 9 in Air Magic
 28830 | Lair:5   | Learned a level 4 spell: Airstrike
 28835 | Lair:5   | Learned a level 4 spell: Summon Lightning Spire
 28967 | Lair:4   | Reached skill level 10 in Air Magic
 29155 | Shoals:1 | Entered Level 1 of the Shoals
 29166 | Shoals:1 | Noticed Aizul
 29177 | Shoals:1 | Killed Aizul
 29178 | Shoals:1 | Reached skill level 1 in Short Blades
 29178 | Shoals:1 | Reached skill level 1 in Summonings
 29260 | Shoals:1 | Lost mutation: You have a small jelly attached to you that
                  | senses nearby items. [Jiyva's grace]
 29260 | Shoals:1 | Lost mutation: You have a small jelly attached to you that
                  | may absorb projectiles. [Jiyva's grace]
 29260 | Shoals:1 | Lost mutation: You occasionally lose the ability to read
                  | scrolls when taking damage. [Jiyva's grace]
 29260 | Shoals:1 | Gained mutation: Your spells are a little harder to cast,
                  | but a little more powerful. [Jiyva's grace]
 29260 | Shoals:1 | Gained mutation: Your spells are harder to cast, but more
                  | powerful. [Jiyva's grace]
 29260 | Shoals:1 | Gained mutation: Your spells are much harder to cast, but
                  | much more powerful. [Jiyva's grace]
 29260 | Shoals:1 | Gained mutation: Your flesh is heat resistant. (rF+)
                  | [Jiyva's grace]
 29290 | Shoals:1 | Identified the +8 war axe of Callousness {vorpal, Int+6
                  | Stlth-}
 29382 | Shoals:1 | Reached skill level 2 in Summonings
 29414 | Shoals:1 | Reached skill level 2 in Short Blades
 30212 | Shoals:2 | Reached skill level 3 in Summonings
 30304 | Shoals:2 | Reached skill level 3 in Short Blades
 30574 | Shoals:2 | Reached skill level 4 in Summonings
 30888 | Shoals:2 | Noticed Ilsuiw
 30901 | Shoals:2 | HP: 3/96 [merfolk javelineer/silver javelin[Ilsuiw] (12)]
 30901 | Shoals:2 | Hit by a silver javelin thrown by a merfolk javelineer

Vanquished Creatures
  3 tentacled starspawn (Abyss:2)
  Aizul (Shoals:1)
  The ghost of Lemondrips the Grappler, a journeyman NaTm of Cheibriados (Lair:3)
  Azrael (D:14)
  A lorocyproca (Abyss:2)
  A merfolk impaler (Shoals:2)
  A fire dragon (D:10)
  A merfolk javelineer (Shoals:1)
  Fannar (Lair:3)
  Erolcha (D:13)
  4 vault guards (D:13)
  2 ogre magi (D:15)
  6 hydras
  A catoblepas (Lair:5)
  4 centaur warriors
  A merfolk avatar (Shoals:2)
  2 boulder beetles
  15 two-headed ogres
  7 tengu warriors
  A satyr (Shoals:2)
  4 death yaks (Lair:5)
  3 thrashing horrors (Abyss:2)
  Urug (Lair:5)
  Sonja (D:13)
  A large abomination (Abyss:2)
  2 wretched stars (Abyss:2)
  2 sea snakes
  A sixfirhy (Abyss:2)
  Lodul (D:13)
  4 lindwurms (D:11)
  7 deep elf pyromancers
  3 oklob plants
  3 ugly things
  3 cyclopes
  3 fauns (Shoals:2)
  4 manticores
  An elephant (shapeshifter) (D:10)
  3 elephants (Lair:5)
  2 water nymphs (Shoals:2)
  2 merfolk sirens (Shoals:2)
  2 smoke demons (Abyss:2)
  3 black mambas (Lair:4)
  7 cane toads
  An apocalypse crab (Abyss:2)
  An orange demon (Abyss:2)
  A gargoyle (D:12)
  An unseen horror (shapeshifter) (D:15)
  3 unseen horrors
  7 komodo dragons
  4 rime drakes
  An efreet (D:15)
  2 freezing wraiths (D:14)
  A tengu conjurer (D:14)
  A troll (shapeshifter) (D:10)
  A merfolk (shapeshifter) (D:10)
  2 trolls
  6 merfolk
  An ancient zyme (Abyss:2)
  A queen bee (Lair:2)
  4 polar bears
  4 hornets (Lair:5)
  5 wind drakes
  A tarantella (Lair:2)
  3 dream sheep (Lair:5)
  4 raiju (Abyss:2)
  11 blink frogs
  Prince Ribbit (D:5)
  A centaur simulacrum (D:11)
  13 spriggans (Lair:5)
  2 water elementals
  4 shadows
  2 ynoxinuls (Abyss:2)
  2 vampires
  2 wraiths
  9 wyverns
  4 fire elementals (D:14)
  78 yaks
  7 basilisks
  4 neqoxecs (Abyss:2)
  A chaos spawn (Abyss:2)
  9 vampire mosquitoes
  An acid dragon (D:10)
  A hydra simulacrum (Lair:3)
  15 water moccasins
  7 hell hounds
  A meliai simulacrum (D:11)
  2 ice beasts
  A black bear (shapeshifter) (Abyss:2)
  3 sky beasts
  2 black bears (Lair:5)
  6 orc warriors
  2 black mamba simulacra (Lair:3)
  4 boggarts
  23 wolves
  9 ogres
  2 phantoms (D:6)
  3 centaurs (Lair:2)
  2 kobold brigands
  11 bullfrogs
  2 necrophages (D:6)
  A scorpion (D:6)
  2 gnoll sergeants (D:10)
  A blink frog simulacrum (Lair:3)
  26 killer bees
  4 electric eels
  3 howler monkeys
  2 small abominations (Abyss:2)
  A quasit (Abyss:2)
  A jelly (D:7)
  5 hounds
  6 orc priests
  3 gnoll boudas
  Crazy Yiuf (D:6)
  15 orc wizards
  5 iguanas
  2 polar bear simulacra (Lair:3)
  11 gnolls
  10 adders
  3 shadow imps (D:7)
  A white imp (D:6)
  An ufetubus (D:4)
  2 worms (D:4)
  2 dart slugs (D:1)
  36 orcs
  8 endoplasms
  11 giant cockroaches
  13 goblins
  8 hobgoblins
  3 jackals (D:1)
  5 quokkas
  24 ball pythons
  8 bats
  12 frilled lizards
  9 kobolds
  4 rats
  2 starspawn tentacles (Abyss:2)
671 creatures vanquished.

Vanquished Creatures (collateral kills)
  A frost giant (D:15)
  A red draconian (Abyss:2)
  A merfolk avatar (Shoals:2)
  An alligator snapping turtle (Shoals:2)
  2 death yaks (Lair:5)
  A sea snake (Shoals:2)
  3 fauns (Shoals:2)
  A manticore (Shoals:2)
  3 merfolk
  A wind drake (Shoals:2)
  4 dream sheep (Lair:5)
  2 snapping turtles (Shoals:1)
  A large abomination (Abyss:2)
  An ogre (D:13)
23 creatures vanquished.

Vanquished Creatures (others)
  A wizard (D:8)
  A manticore (Shoals:1)
  A kobold demonologist (D:10)
  4 slime creatures (D:12)
  2 raiju (Abyss:2)
  A yak (D:8)
  A vampire mosquito (D:12)
  A water moccasin (Lair:1)
  6 centaurs
  A kobold brigand (D:9)
  2 bullfrogs
  A necrophage (D:8)
  124 jellies
  3 killer bees (Lair:2)
  4 howler monkeys
  An electric eel (D:14)
  An orc priest (D:10)
  2 orc wizards (D:9)
  6 orcs
  6 kobolds
  68 fungi
  A lurking horror (Abyss:2)
  159 plants
  16 starspawn tentacles (Abyss:2)
413 creatures vanquished.

Grand Total: 1107 creatures vanquished

Table legend: (Time is in decaauts)
 A = Elapsed time spent in this place.
 B = Non-inter-level travel time spent in this place.
 C = Inter-level travel time spent in this place.
 D = Time resting spent in this place.
 E = Time spent auto-exploring this place.
 F = Levels seen in this place.
 G = Mean time per level.
                   A        B        C        D        E       F      G
               +--------+--------+--------+--------+--------+-----+--------+
         Total |  29409 |  28145 |   1264 |   3294 |  18389 |  31 |  948.7 |
       Dungeon |  18780 |  17920 |    860 |   2276 |  11898 |  15 | 1252.0 |
        Temple |    143 |    142 |      1 |      0 |    126 |   1 |  143.0 |
          Lair |   5565 |   5403 |    162 |    409 |   3644 |   5 | 1113.0 |
        Shoals |   1648 |   1592 |     56 |    191 |   1028 |   2 |  824.0 |
    Slime Pits |   1082 |    899 |    183 |      0 |    800 |   5 |  216.4 |
         Abyss |   1055 |   1055 |      0 |    110 |    259 |   2 |  527.5 |
         Sewer |   1134 |   1134 |      0 |    307 |    632 |   1 | 1134.0 |
               +--------+--------+--------+--------+--------+-----+--------+

Top non-repeatable levels by time:
     D:4: 2202 daAuts
    D:10: 1773 daAuts
     D:6: 1719 daAuts
     D:7: 1539 daAuts
     D:5: 1502 daAuts
  Lair:5: 1493 daAuts
    D:15: 1335 daAuts
  Lair:3: 1270 daAuts
     D:1: 1228 daAuts
    D:11: 1188 daAuts
Shoals:1: 1174 daAuts
   Sewer: 1134 daAuts
     D:8: 1129 daAuts
    D:13: 1086 daAuts
 Abyss:2: 1055 daAuts

Table legend:
 A = Non-vault XP
 B = Vault XP
 C = Vault XP percentage of total XP
 D = Non-vault monster count
 E = Vault monster count
 F = Vault count percentage of total count
                 A         B        C        D         E       F
            +---------+---------+-------+---------+---------+-------
      Total |  111105 |   50667 |  31.3 |     477 |     216 |  31.2
            +---------+---------+-------+---------+---------+-------
        D:1 |      40 |      17 |  29.8 |      21 |       3 |  12.5
        D:2 |      46 |       0 |   0.0 |      20 |       0 |   0.0
        D:3 |     142 |       1 |   0.7 |      26 |       1 |   3.7
        D:4 |     510 |       8 |   1.5 |      33 |       3 |   8.3
        D:5 |     155 |     246 |  61.3 |       9 |       1 |  10.0
        D:6 |    1533 |      39 |   2.5 |      19 |       1 |   5.0
        D:7 |    1771 |     193 |   9.8 |      22 |       1 |   4.3
        D:8 |    1938 |    1857 |  48.9 |      23 |      12 |  34.3
        D:9 |    1729 |       0 |   0.0 |      18 |       0 |   0.0
       D:10 |    1292 |    9864 |  88.4 |      16 |      26 |  61.9
       D:11 |    2654 |    5012 |  65.4 |      11 |       9 |  45.0
       D:12 |    3573 |       0 |   0.0 |      12 |       0 |   0.0
       D:13 |    1304 |    9942 |  88.4 |       5 |      20 |  80.0
       D:14 |    4952 |    2221 |  31.0 |      14 |       8 |  36.4
       D:15 |   13034 |    2879 |  18.1 |      19 |       3 |  13.6
     Lair:1 |    3764 |       0 |   0.0 |      16 |       0 |   0.0
     Lair:2 |    3643 |    2377 |  39.5 |      15 |      27 |  64.3
     Lair:3 |    5635 |    3465 |  38.1 |      23 |      13 |  36.1
     Lair:4 |    6895 |    1380 |  16.7 |      27 |       3 |  10.0
     Lair:5 |   18384 |    8251 |  31.0 |      50 |      44 |  46.8
   Shoals:1 |    8317 |    1231 |  12.9 |      18 |       1 |   5.3
   Shoals:2 |   12621 |     918 |   6.8 |      25 |       1 |   3.8
    Abyss:2 |   17173 |     468 |   2.7 |      35 |       2 |   5.4
      Sewer |       0 |     298 | 100.0 |       0 |      37 | 100.0
            +---------+---------+-------+---------+---------+-------
